 Dungeon Crawl Stone Soup version 0.31-a0-496-g6f97920a28 (webtiles) character file.

Game seed: 5718186623800173819

132 randomguy2701 the Stinger (level 5, -7/31 HPs)
             Began as an Octopode Venom Mage on Aug 8, 2023.
             Mangled by Blork the orc
             ... wielding a +0 war axe of distortion
              (9 damage)
             ... on level 4 of the Dungeon.
             The game lasted 00:04:19 (2970 turns).

randomguy2701 the Stinger (Octopode Venom Mage)     Turns: 2970, Time: 00:04:19

Health: -7/31      AC:  1    Str:  8    XL:     5   Next: 15%
Magic:  3/9        EV: 13    Int: 19    God:
Gold:   117        SH:  0    Dex: 12    Spells: 9/10 levels left

rFire   . . .        (no weapon)
rCold   + . .        (no shield)
rNeg    . . .        (helmet restricted)
rPois   .            (no amulet)
rElec   .            i - ring of protection from cold
rCorr   .            (no ring)
SInv    .            (no ring)
Will    .....        (no ring)
Stlth   +++          (no ring)
HPRegen 0.25/turn    (no ring)
MPRegen 0.11/turn    (no ring)
                     (no ring)

%: no passive effects
@: no status effects
A: almost no armour, amphibious, 8 rings, camouflage 1, gelatinous body 1,
(nimble swimmer 1), tentacles
a: no special abilities


You were on level 4 of the Dungeon.
You visited 1 branch of the dungeon, and saw 4 of its levels.

You collected 117 gold pieces.

Inventory:

Jewellery
 i - a ring of protection from cold (left tentacle)
Scrolls
 b - 4 scrolls of identify {unknown}
 d - a scroll of enchant armour {unknown}
 e - 4 scrolls of teleportation {unknown}
 f - a scroll of fear {unknown}
 g - a scroll of immolation {unknown}
 h - 3 scrolls of amnesia {unknown}
Potions
 a - a potion of magic
 c - 2 potions of enlightenment {unknown}
 j - a potion of cancellation {unknown}


   Skills:
 + Level 2.0 Dodging
 + Level 3.0 Stealth
 + Level 0.5 Unarmed Combat
 + Level 3.0 Spellcasting
 + Level 1.9 Transmutations
 * Level 5.4 Poison Magic


You had 9 spell levels left.
You knew the following spells:

 Your Spells              Type           Power      Damage    Failure   Level
a - Sting                 Tmut/Pois      64%        1d6       3%          1

Your spell library contained the following spells:

 Spells                   Type           Power      Damage    Failure   Level
 Poisonous Vapours        Pois/Air       26%        N/A       8%          2
 Wereblood                Tmut           10%        N/A       11%         2
 Olgreb's Toxic Radiance  Pois           23%        N/A       16%         4
 Mephitic Cloud           Conj/Pois/Air  9%         N/A       22%         3
 Call Canine Familiar     Summ           2%         N/A       41%         3
 Portal Projectile        Hex/Tloc       4%         N/A       41%         3
 Leda's Liquefaction      Hex/Erth       1%         N/A       83%         4
 Irradiate                Conj/Tmut      3%         3d12      96%         5


Dungeon Overview and Level Annotations

Branches:
Dungeon (4/15)
 Temple: D:4-7

Altars:

Shops:
D:2 ?

Annotations:
D:4 Blork the orc


Innate Abilities, Weirdness & Mutations

You cannot wear most types of armour.
You are amphibious.
You can wear up to eight rings at the same time.
Your skin changes colour to match your surroundings (Stealth+).
Your rubbery body absorbs attacks. (AC +1, EV +1)
((You are camouflaged when in or above water. (Stealth+)))
You have tentacles for arms and can constrict up to eight enemies at once.


Message History

You can't see any susceptible monsters within range! (Use Z to cast anyway.)
You can't see any susceptible monsters within range! (Use Z to cast anyway.) Blork the orc comes into view.
He is wielding a +0 war axe of distortion.
You can't see any susceptible monsters within range! (Use Z to cast anyway.)
You can't see any susceptible monsters within range! (Use Z to cast anyway.) Blork the orc is nearby!
The sting hits Blork the orc.
Blork the orc is poisoned.
Blork the orc is lightly wounded.
Blork the orc shouts!
The sting misses Blork the orc.
Blork the orc gestures at you while chanting.
The magic dart hits you!
The sting misses Blork the orc.
The sting misses Blork the orc.
Blork the orc hits you with a +0 war axe of distortion!
Space warps horribly around you!
Ouch! That really hurt!
* * * LOW HITPOINT WARNING * * *
Unknown command.
You are too injured to fight recklessly!
Blork the orc gestures wildly while chanting.
Blork the orc seems to speed up.
Casting: Sting (safe; 3% risk of failure)
Confirm with . or Enter, or press ? or * to list all spells.
Aiming: Sting (safe; 3% risk of failure)
Press: ? - help, Shift-Dir - straight line, f/p - Blork the orc
Aim: Blork the orc, wielding a +0 war axe of distortion and wearing a +0 robe (lightly wounded, fast, poisoned, 77% to hit)
The sting hits Blork the orc but does no damage.
Blork the orc looks even sicker.
Blork the orc is lightly wounded.
Casting: Sting (safe; 3% risk of failure)
Confirm with . or Enter, or press ? or * to list all spells.
Aiming: Sting (safe; 3% risk of failure)
Press: ? - help, Shift-Dir - straight line, f/p - Blork the orc
Aim: Blork the orc, wielding a +0 war axe of distortion and wearing a +0 robe (lightly wounded, fast, very poisoned, 77% to hit)
The sting hits Blork the orc but does no damage.
Blork the orc looks even sicker.
Blork the orc is lightly wounded.
Blork the orc hits you with a +0 war axe of distortion!
You die...

########
################.......
#......................
+......................
#......................
#......................
####......................
..........................
........o@................
....#########..........)..
. #......#######
#......'..<..#
#......#.....#
#......#.....#
#########......#.....#
...............'.....#
...............#.....#


You could see Blork the orc (fast, very poisoned).

Vanquished Creatures
  A hound (D:4)
  2 adders
  4 worms
  3 dart slugs
  2 orcs
  4 endoplasms
  2 giant cockroaches
  12 goblins
  5 hobgoblins
  4 jackals (D:1)
  4 kobolds
  A quokka (D:1)
  3 ball pythons (D:1)
  4 bats
  4 frilled lizards
  6 rats
61 creatures vanquished.

Notes
Turn   | Place    | Note
-------+----------+-------------------------------------------
     0 | D:1      | randomguy2701 the Octopode Venom Mage began the quest for
                  | the Orb.
     0 | D:1      | Reached XP level 1. HP: 11/11 MP: 3/3
   136 | D:1      | Reached skill level 4 in Poison Magic
   136 | D:1      | Reached XP level 2. HP: 17/17 MP: 0/5
   565 | D:1      | Reached XP level 3. HP: 21/21 MP: 4/6
   857 | D:2      | Found Saguanla's Magic Scroll Shoppe.
  1357 | D:2      | Reached XP level 4. HP: 15/27 MP: 1/7
  2892 | D:4      | Reached skill level 5 in Poison Magic
  2892 | D:4      | Reached XP level 5. HP: 31/31 MP: 5/9
  2941 | D:4      | Noticed Blork the orc
  2966 | D:4      | HP: 1/31 [Blork the orc/+0 war axe of distortion (16)]
  2970 | D:4      | Mangled by Blork the orc

Illustrated notes

Levels and vault maps discovered:
D:1:      roderic_crop_circles_arrival_large, layout_rooms
D:2:      layout_basic, serial_shops, nicolae_shop_advertising_works
          [nicolae_subvault_shop_adworks], minmay_goblin_outpost
D:3:      layout_loops_ring, kennysheep_nondescript, minmay_misc_feat_plants,
          minmay_misc_feat_more_columns, dilly_guarded_unrand_throatcut,
          uniq_grinder
D:4:      minmay_general_purpose_star, layout_gridville, uniq_blork_the_orc

Skill      XL: |  1  2  3  4 |
---------------+-------------+-----
Poison Magic   | 4 5 |  5.4
Stealth        | 3 |  3.0
Spellcasting   | 3 |  3.0
Dodging        | |  2.0
Unarmed Combat | |  0.5
Transmutations | |  1.9

Action                     |  1- 3 |  4- 6 || total
---------------------------+-------+-------++-------
  Melee: Unarmed           |    73 |     3 ||    76
         Constrict         |    22 |     2 ||    24
         Tentacles         |    14 |     2 ||    16
         Punch             |       |     1 ||     1
   Cast: Sting             |    56 |    73 ||   129
 Armour: Skin              |    10 |     3 ||    13
  Dodge: Dodged            |    50 |    16 ||    66

Table legend: (Time is in decaauts)
 A = Elapsed time spent in this place.
 B = Non-inter-level travel time spent in this place.
 C = Inter-level travel time spent in this place.
 D = Time resting spent in this place.
 E = Time spent auto-exploring this place.
 F = Levels seen in this place.
 G = Mean time per level.
                   A        B        C        D        E       F      G
               +--------+--------+--------+--------+--------+-----+--------+
         Total |   2968 |   2939 |     29 |      0 |   2471 |   4 |  742.0 |
       Dungeon |   2968 |   2939 |     29 |      0 |   2471 |   4 |  742.0 |
               +--------+--------+--------+--------+--------+-----+--------+

Top non-repeatable levels by time:
     D:2: 1264 daAuts
     D:1: 857 daAuts
     D:3: 483 daAuts
     D:4: 363 daAuts
